Map: Automaton LE

Players

speyton

  • Race: Protoss Protoss
  • League: Diamond
  • Spawn Location: 3:00

HoRNET - Winner!

  • Race: Terran Terran
  • League: Platinum
  • Spawn Location: 9:00

VOD

Have the link to the VOD?

Description

Time

  • Played on: Dec. 15, 2018, 4:29 p.m.
  • Length: 11:57
Show
View Real Time Build Order
Export as new Build Order

speyton Protoss 

Build Orders:  

Get SALT Encoding   

  12  0:01  Probe  
  13  0:13  Probe  
  14  0:20  Pylon  
  14  0:25  Probe  
  15  0:39  Probe  
  16  0:43  Gateway  
  16  0:51  Probe  
  16  0:55  Assimilator  
  17  1:09  Forge  
  17  1:15  Probe  
  18  1:27  Probe  
  18  1:31  Zealot, Cybernetics Core  
  21  1:41  Pylon  
  21  1:47  Warp Gate  
  20  2:15  Photon Cannon  
  20  2:18  Photon Cannon  
  20  2:20  Robotics Facility  
  20  2:27  Pylon  
  20  2:30  Probe  
  21  2:42  Probe  
  21  2:43  Adept  
  24  2:58  Gateway  
  24  3:04  Probe, Assimilator  
  25  3:09  Observer  
  26  3:16  Probe  
  27  3:27  Shield Battery  
  27  3:33  Immortal  
  31  3:51  Stalker  
  33  4:02  Probe  
  34  4:05  Pylon  
  34  4:07  Pylon  
  34  4:14  Probe  
  35  4:20  Observer  
  36  4:37  Stalker  
  36  4:38  Stalker  
  40  4:48  Nexus  
  40  4:52  Nexus  
  40  5:00  Sentry  
  42  5:09  Immortal  
  42  5:17  Adept  
  48  5:34  Stalker  
  50  5:38  Stalker  
  52  5:56  Pylon  
  52  6:04  Immortal  
  52  6:05  Stalker  
  56  6:23  Stalker  
  52  6:39  Stalker  
  48  6:53  Stalker  
  38  7:10  Stalker  
  38  7:11  Probe, Immortal  
  38  7:12  Probe  
  46  7:23  Probe  
  46  7:24  Probe  
  46  7:25  Assimilator  
  48  7:36  Probe  
  48  7:37  Probe, Stalker  
  50  7:38  Stalker  
  54  7:47  Immortal  
  54  7:48  Probe  
  54  7:49  Probe  
  56  7:58  Observer  
  60  8:00  Probe  
  60  8:31  Immortal  
  54  8:44  Stalker x2  
  54  8:47  Probe x2  
  64  8:53  Gateway  
  64  8:55  Gateway  
  64  8:57  Gateway  
  64  8:59  Probe  
  64  9:00  Probe, Stargate  
  66  9:11  Probe  
  67  9:26  Stalker  
  67  9:27  Stalker  
  67  9:49  Zealot x2  
  67  9:50  Zealot  
  71  10:03  Stalker x2  
  71  10:04  Stalker  
  77  10:08  Nexus  
  77  10:16  Phoenix  
  59  10:37  Stalker  
  59  10:38  Stalker x4  
  59  10:39  Shield Battery, Immortal  
  59  10:40  Shield Battery  
  59  10:41  Phoenix  
  51  11:01  Stalker x2  
  51  11:02  Stalker x2  
  63  11:31  Stalker x2  
  63  11:32  Stalker  
  69  11:34  Sentry  
Show
View Real Time Build Order
Export as new Build Order

HoRNET Terran - Winner!

Build Orders:  

Get SALT Encoding   

  12  0:02  SCV  
  13  0:14  Refinery  
  13  0:15  SCV  
  14  0:25  Supply Depot  
  14  0:30  SCV  
  15  0:47  SCV  
  15  0:49  Barracks  
  16  0:59  SCV  
  17  1:07  Refinery  
  18  1:11  SCV  
  18  1:27  SCV  
  19  1:37  Factory  
  19  1:40  Supply Depot  
  18  2:02  Orbital Command  
  18  2:07  Reaper  
  19  2:17  Barracks  
  19  2:26  Widow Mine  
  22  2:44  SCV  
  22  2:45  Barracks Reactor  
  22  2:48  Factory Tech Lab  
  22  2:55  Ghost Academy  
  22  2:58  SCV  
  23  3:09  Marine  
  23  3:10  Siege Tank  
  27  3:14  SCV  
  28  3:21  Supply Depot  
  28  3:27  Marine x2  
  28  3:28  Barracks Tech Lab  
  31  3:34  SCV  
  31  3:46  Siege Tank  
  31  3:47  Ghost  
  36  3:55  Supply Depot  
  36  4:02  Marine x2  
  38  4:03  SCV  
  39  4:20  Supply Depot  
  39  4:22  Ghost  
  41  4:31  Siege Tank  
  44  4:40  Marine x2  
  44  4:41  SCV  
  47  4:52  Supply Depot  
  47  4:57  Ghost  
  49  5:12  Starport  
  49  5:18  Siege Tank  
  49  5:19  Marine  
  49  5:20  Marine  
  54  5:21  SCV  
  54  5:26  Supply Depot  
  55  5:36  Nuke  
  55  5:41  Marine x2  
  57  5:42  Marine  
  55  6:26  Marine x2  
  55  6:27  Marine  
  55  6:28  Siege Tank  
  59  6:38  Nuke  
  58  6:44  Marine  
  47  7:02  Siege Tank  
  46  7:12  Marine x2  
  49  7:16  Ghost  
  49  7:22  Barracks  
  50  7:23  Barracks, Supply Depot  
  50  7:24  Supply Depot  
  50  7:25  Engineering Bay  
  50  7:30  Marine  
  51  7:51  Ghost  
  51  7:52  Marine x2  
  51  7:54  Siege Tank  
  58  8:26  Widow Mine  
  60  8:40  Nuke  
  57  8:48  Widow Mine  
  59  8:50  Marine  
  59  8:51  Marine x4  
  59  8:55  Combat Shield  
  64  9:08  Marine x2  
  64  9:09  Siege Tank  
  67  9:24  Ghost  
  67  9:25  Marine x2  
  67  9:26  Marine  
  70  9:42  Widow Mine  
  70  9:43  Marine x3  
  70  9:44  Marine  
  76  9:53  Marine  
  76  9:57  Command Center  
  73  10:05  Siege Tank  
  67  10:25  Marine x4  
  68  10:38  Siege Tank  
  67  11:00  Marine x3  
  67  11:01  Marine  
  71  11:10  Siege Tank  
  74  11:20  Refinery  
  72  11:27  Ghost  
  72  11:28  Marine  
Tags
 
Add a new tag
Caveats
  • Supply blocks, unpowered buildings, or Contaminate may cause inaccurate times.
  • Supply counts are checked every 10 seconds.